 Dungeon Crawl Stone Soup version 0.30-a0-347-gf58ed5266c (webtiles) character file.

Game seed: 7198629153157865186

114 ScottyB the Poker (level 5, 0/42 HPs)
             Began as a Human Berserker on Nov 7, 2022.
             Was a Believer of Trog.
             Slain by an iguana (6 damage)
             ... on level 4 of the Dungeon.
             The game lasted 00:16:32 (2496 turns).

ScottyB the Poker (Human Berserker)                 Turns: 2496, Time: 00:16:33

Health: 0/42       AC:  9    Str: 18    XL:     5   Next: 19%
Magic:  5/5        EV:  8    Int:  7    God:    Trog [**....]
Gold:   97         SH:  0    Dex: 14    Spells: 4/4 levels left

rFire   . . .      SeeInvis .    i - +0 trident
rCold   . . .      Faith    .    (no shield)
rNeg    . . .      Spirit   .    t - +0 chain mail
rPois   .          Reflect  .    (no helmet)
rElec   .          Harm     .    (no cloak)
rCorr   .          Rampage  .    (no gloves)
Will    .....                    (no boots)
Stlth   ..........               (no amulet)
HPRegen 0.27/turn                (no ring)
MPRegen 0.09/turn                (no ring)

@: no status effects
A: no striking features
a: Renounce Religion, Berserk, Trog's Hand


You were on level 4 of the Dungeon.
You worshipped Trog.
Trog was pleased with you.
You visited 1 branch of the dungeon, and saw 4 of its levels.

You collected 97 gold pieces.

Inventory:

Hand Weapons
 a - a +0 spear
 c - a +0 mace
 i - a +0 trident (weapon)
Armour
 b - a +0 animal skin
 e - a +0 ring mail
 t - a +0 chain mail (worn)
Jewellery
 f - an amulet of guardian spirit
 g - a ring of wizardry
 s - a ring of flight
Wands
 k - a wand of charming (5)
 n - a wand of digging (6)
Scrolls
 d - a scroll of magic mapping {unknown}
 l - 4 scrolls of identify {unknown}
 o - a scroll of teleportation {unknown}
 r - a scroll of enchant weapon {unknown}
Potions
 h - a potion of ambrosia {unknown}
 j - 2 potions of degeneration {unknown}
 p - a potion of might {unknown}
 q - a potion of resistance {unknown}


   Skills:
 + Level 3.7 Fighting
 + Level 4.0 Polearms
 + Level 3.0 Armour
 + Level 2.6 Dodging


You had 4 spell levels left.
You didn't know any spells.
Your spell library contained the following spells:

 Spells                   Type           Power      Damage    Failure   Level
 Necrotise                Necr           0%         1d4       99%         1
 Vampiric Draining        Necr           0%         2d6       100%        3
 Agony                    Necr           0%         N/A       100%        5


Dungeon Overview and Level Annotations

Branches:
Dungeon (4/15)
 Temple: D:4-7

Altars:
Ashenzari
Dithmenos


Message History

Found a stone staircase leading down.
There is a stone staircase leading down here.
You climb downwards.
The iguana hisses angrily.
The black bear growls angrily.
There is a stone staircase leading up here.
You hit the iguana. You punch the iguana.
The iguana is heavily wounded.
The iguana bites you.
You hit the iguana.
The iguana is almost dead.
The iguana hisses menacingly.
The iguana bites you! The black bear bites you.
The black bear claws you but does no damage. x2
You barely miss the iguana.
The iguana is almost dead.
The iguana bites you. The black bear bites you!
The black bear claws you but does no damage. x2
You barely miss the iguana.
The iguana is almost dead.
The black bear bites you but does no damage.
The black bear claws you but does no damage. x2
The iguana bites you.
* * * LOW HITPOINT WARNING * * *
Found an escape hatch in the floor.
The iguana bites you.
* * * LOW HITPOINT WARNING * * *
The black bear bites you but does no damage.
The black bear claws you but does no damage. x2
The black bear attacks as you move away!
The black bear bites you but does no damage.
The black bear barely misses you. The black bear closely misses you.
The black bear attacks as you move away!
The black bear bites you.
* * * LOW HITPOINT WARNING * * *
The black bear claws you but does no damage.
The black bear claws you.
* * * LOW HITPOINT WARNING * * *
The iguana attacks as you move away!
The iguana bites you but does no damage.
The iguana attacks as you move away! The iguana bites you.
You die...

....... ....
.......##... ..
........... #..
..........##...
..............>
...............
#..............
#......@.......
#.....hl.####.#
..........#
........<##
..........#
..#####...... .
....#...#
....###.##
....## .#


You could see a black bear and an iguana.

Vanquished Creatures
  An orc wizard (D:3)
  2 adders
  2 dart slugs (D:1)
  A worm (D:2)
  4 orcs (D:3)
  5 ball pythons
  5 bats
  6 endoplasms
  A giant cockroach (D:2)
  3 goblins
  3 hobgoblins
  12 jackals
  3 quokkas
  2 frilled lizards
  2 kobolds (D:3)
  3 rats (D:1)
55 creatures vanquished.

Notes
Turn   | Place    | Note
-------+----------+-------------------------------------------
     0 | D:1      | ScottyB the Human Berserker began the quest for the Orb.
     0 | D:1      | Reached XP level 1. HP: 18/18 MP: 1/1
   171 | D:1      | Reached XP level 2. HP: 20/24 MP: 2/2
   760 | D:2      | Reached XP level 3. HP: 19/29 MP: 3/3
  1251 | D:2      | Reached ** piety under Trog
  1392 | D:3      | Reached XP level 4. HP: 33/35 MP: 4/4
  1415 | D:3      | Found a broken altar of Ashenzari.
  1728 | D:3      | Found a shadowy altar of Dithmenos.
  1762 | D:3      | Reached XP level 5. HP: 41/42 MP: 5/5
  1916 | D:3      | Reached skill level 4 in Polearms
  2487 | D:4      | Noticed a black bear
  2496 | D:4      | Slain by an iguana

Illustrated notes

Levels and vault maps discovered:
D:1:      dpeg_arrival_long_road, layout_rooms
D:2:      layout_rooms
D:3:      layout_basic, mainiacjoe_overflow_surrounded_room,
          mainiacjoe_overflow_concentric_impassable, minmay_misc_feat_tiny,
          st_stairs_2, palyth_stone_intersect, minmay_misc_feat_ornament
D:4:      nicolae_cairo_tiling_large, layout_cave_pools, kennysheep_mini,
          nicolae_shop_gadgets

Skill      XL: |  1  2  3  4  5 |
---------------+----------------+-----
Polearms       | 4 |  4.0
Armour         | 3 |  3.0
Fighting       | |  3.7
Dodging        | |  2.6

Action                   |  1- 3 |  4- 6 || total
-------------------------+-------+-------++-------
Melee: Spear             |   105 |   114 ||   219
       Punch             |     2 |     2 ||     4
       Trident           |       |     4 ||     4
Armor: Animal skin       |     9 |       ||     9
       Ring mail         |    38 |    56 ||    94
       Chain mail        |       |    13 ||    13
Dodge: Dodged            |   101 |    94 ||   195

Table legend: (Time is in decaauts)
 A = Elapsed time spent in this place.
 B = Non-inter-level travel time spent in this place.
 C = Inter-level travel time spent in this place.
 D = Time resting spent in this place.
 E = Time spent auto-exploring this place.
 F = Levels seen in this place.
 G = Mean time per level.
                   A        B        C        D        E       F      G
               +--------+--------+--------+--------+--------+-----+--------+
         Total |   2477 |   2477 |      0 |    133 |      0 |   4 |  619.2 |
       Dungeon |   2477 |   2477 |      0 |    133 |      0 |   4 |  619.2 |
               +--------+--------+--------+--------+--------+-----+--------+

Top non-repeatable levels by time:
     D:3: 1200 daAuts
     D:1: 748 daAuts
     D:2: 519 daAuts
     D:4: 9 daAuts
